 Dungeon Crawl Stone Soup version 0.27.1-33-g824d729ab1 (webtiles) character file.

Game seed: 17961904772838209454

31 daervis the Skirmisher (level 3, -2/24 HPs)
             Began as a Gargoyle Berserker on Dec 23, 2021.
             Was a Follower of Trog.
             Slain by a worm (10 damage)
             ... on level 4 of the Dungeon.
             The game lasted 00:03:47 (1706 turns).

daervis the Skirmisher (Gargoyle Berserker)         Turns: 1706, Time: 00:03:48

Health: -2/24      AC:  5    Str: 21    XL:     3   Next: 22%
Magic:  3/3        EV: 11    Int:  7    God:    Trog [*.....]
Gold:   39         SH:  0    Dex:  9    Spells: 2/2 levels left

rFire    . . .     SeeInvis +   a - +0 hand axe
rCold    . . .     Faith    .   (no shield)
rNeg     + . .     Spirit   .   b - +0 animal skin
rPois    ∞         Reflect  .   (no helmet)
rElec    +         Harm     .   (no cloak)
rCorr    .         Rampage  .   (no gloves)
Will     .....                  (no boots)
Stlth    +.........             (no amulet)
HPRegen  0.08/turn              h - ring of see invisible
MPRegen  0.08/turn              (no ring)

@: no status effects
A: sickness immunity, AC +3, negative energy resistance 1, electricity
resistance, torment resistance 1, petrification resistance
a: Renounce Religion, Berserk


You were on level 4 of the Dungeon.
You worshipped Trog.
Trog was aware of your devotion.
You visited 1 branch of the dungeon, and saw 3 of its levels.

You collected 39 gold pieces.

Inventory:

Hand Weapons
 a - a +0 hand axe (weapon)
Armour
 b - a +0 animal skin (worn)
Jewellery
 h - a ring of see invisible (left hand)
Scrolls
 c - 2 scrolls of fog {unknown}
 d - a scroll of identify {unknown}
 e - a scroll of acquirement {unknown}
 i - 3 scrolls of blinking {unknown}
Potions
 f - a potion of curing {unknown}
 g - a potion of flight {unknown}


   Skills:
 + Level 3.7 Fighting
 + Level 3.2 Axes
 + Level 2.2 Armour
 - Level 1.5 Dodging
 * Level 1.3 Stealth


You had 2 spell levels left.
You didn't know any spells.
Your spell library was empty.

Dungeon Overview and Level Annotations

Branches:
Dungeon (2/15)

Altars:


Innate Abilities, Weirdness & Mutations

You are immune to sickness and miasma.
Your stone body is resilient. (AC +3)
You are immune to poison.
You resist negative energy. (rN+)
You are resistant to electric shocks. (rElec)
You are resistant to unholy torment.
You are immune to petrification.


Message History

You kill the kobold!
Trog accepts your kill.
You see here a +0 club.
A ball python comes into view.
A ball python is nearby!
The ball python hisses angrily.
You closely miss the ball python. The ball python closely misses you. x2
You slash the ball python!
You kill the ball python!
Trog accepts your kill.
You see here a ball python corpse.
There is a stone staircase leading down here.
You see here a +0 dagger.
Done exploring.
You see here a +0 dagger.
There is a stone staircase leading down here.
You can't go up here!
You climb downwards.
There is a stone staircase leading up here.
You fall into a shaft and drop 2 floors!
The shaft crumbles and collapses.
A worm comes into view.
An orc comes into view. It is wielding a +0 flail.
The worm closely misses you.
You barely miss the worm. You closely miss the orc.
The worm bites you but does no damage. The orc hits you with a +0 flail.
You barely miss the worm. You hit the orc. The orc hits you with a +0 flail.
You hit the worm but do no damage. You closely miss the orc.
The worm barely misses you. The orc closely misses you.
You barely miss the worm. You hit the orc. The orc hits you with a +0 flail!
The worm barely misses you.
You hit the worm.
The worm is lightly wounded.
You hit the orc.
You kill the orc!
Trog accepts your kill.
You hit the worm.
The worm is moderately wounded.
The worm bites you!
You die...

#####
##w..##
#@....#
#.)###..#
##..
#...#
####
.....
..## ##
..


You could see a worm.

Vanquished Creatures
  An orc (D:4)
  4 ball pythons (D:1)
  6 endoplasms (D:1)
  3 giant cockroaches (D:1)
  A goblin (D:1)
  2 jackals (D:1)
  3 kobolds (D:1)
  A quokka (D:1)
  2 bats (D:1)
  A frilled lizard (D:1)
  A rat (D:1)
25 creatures vanquished.

Notes
Turn   | Place    | Note
-------+----------+-------------------------------------------
     0 | D:1      | daervis the Gargoyle Berserker began the quest for the Orb.
     0 | D:1      | Reached XP level 1. HP: 14/14 MP: 1/1
   250 | D:1      | Reached XP level 2. HP: 12/19 MP: 2/2
   653 | D:1      | Reached skill level 1 in Stealth
   946 | D:1      | Found a faded altar of an unknown god.
  1068 | D:1      | Reached XP level 3. HP: 20/24 MP: 3/3
  1694 | D:2      | You fall into a shaft and drop 2 floors!
  1706 | D:4      | Slain by a worm

Illustrated notes

Levels and vault maps discovered:
D:1:      eino_arrival_water_star, layout_rooms, serial_co_window_serial,
          co_window_paths_a, co_window_of_opportunity_a, co_window_corner_a,
          co_window_of_opportunity_a, co_window_corner_a, co_window_paths_a,
          co_window_corner_a, co_window_unsneaky_path_b, co_window_broadway_a,
          co_window_of_opportunity_c, co_window_sun, co_window_4corner_b,
          glass_columns_c, glass_columns_a, glass_columns_c,
          dreamdust_ecumenical_altar_grove
D:2:      layout_loops_corners, kennysheep_crisscross
D:4:      layout_cave_pools, nzn_wu_jian_contemplation, marbit_many_paths,
          minmay_puff, uniq_menkaure

Skill      XL: |  1  2 |
---------------+-------+-----
Axes           | 3 |  3.2
Stealth        | 1 |  1.3
Fighting       | |  3.7
Armour         | |  2.2
Dodging        | |  1.5

Action                   || total
-------------------------++-------
Melee: Hand axe          ||    79
 Stab: Sleeping          ||     1
       Distracted        ||     1
Armor: Animal skin       ||    31
Dodge: Dodged            ||    46
